 Dungeon Crawl Stone Soup version 0.19.1 (webtiles) character file.

88 esteth the Digger (level 4, -17/24 HPs)
             Began as a Gargoyle Earth Elementalist on Dec 15, 2016.
             Killed from afar by a bat (39 damage)
             ... with an exploding inner flame
             ... hexed by the player character
             ... on level 3 of the Dungeon.
             The game lasted 00:06:02 (2173 turns).

esteth the Digger (Gargoyle Earth Elementalist)     Turns: 2173, Time: 00:06:03

Health: -17/24     AC:  6    Str: 12    XL:     4   Next: 53%
Magic:  9/9        EV: 12    Int: 16    God:
Gold:   150        SH:  0    Dex: 10    Spells: 2 memorised, 5 levels left

rFire  x . .     SeeInvis .     a - +5 short sword (drain)
rCold  + . .     Gourm    .     c - +0 robe
rNeg   + . .     Faith    .     (no shield)
rPois  ∞         Spirit   .     (no helmet)
rElec  +         Reflect  .     o - +0 cloak
rCorr  .         Harm     .     (no gloves)
MR     .....                    (no boots)
Stlth  +++.......               (no amulet)
                                t - ring of stealth
                                l - ring of ice

@: no status effects
A: negative energy resistance 1, electricity resistance, unbreathing,
petrification resistance, rot immunity, AC +3
a: no special abilities


You were on level 3 of the Dungeon.
You were not hungry.

You visited 1 branch of the dungeon, and saw 3 of its levels.

You collected 150 gold pieces.

Inventory:

Hand Weapons
 a - a +5 short sword of draining (weapon)
Missiles
 b - 117 stones (quivered)
Armour
 c - a +0 robe (worn)
 o - a +0 cloak (worn)
Jewellery
 l - a ring of ice (left hand)
 t - a ring of stealth (right hand)
Scrolls
 g - a scroll of magic mapping
 j - a scroll of immolation
 v - a scroll of identify
 y - a scroll of blinking {unknown}
Potions
 h - a potion of curing {unknown}
 k - a potion of cure mutation {unknown}
 m - a potion of degeneration {unknown}
 n - a potion of haste {unknown}
 p - a potion of invisibility {unknown}
 u - a potion of heal wounds {unknown}
 w - a potion of berserk rage {unknown}
 x - 2 potions of cancellation {unknown}
 z - a potion of agility {unknown}
Books
 e - a book of Geomancy

   Spells                             Type                      Level
   a - Sandblast                      Earth                        1
   b - Passwall                       Transmutation/Earth          2
   c - Stone Arrow                    Conjuration/Earth            3
   d - Petrify                        Transmutation/Earth          4
   e - Lee's Rapid Deconstruction     Earth                        5
Comestibles
 d - 2 bread rations
 f - a royal jelly
 s - a beef jerky


   Skills:
 - Level 1.5 Dodging
 - Level 2.1 Stealth
 + Level 3.3 Spellcasting
   Level 0.7 Transmutations
 + Level 5.0 Earth Magic


You had 5 spell levels left.
You knew the following spells:

 Your Spells              Type           Power        Failure   Level  Hunger
a - Sandblast             Erth           ###...       2%          1    None
b - Stone Arrow           Conj/Erth      ##....       21%         3    ###....


Dungeon Overview and Level Annotations

Branches:
Dungeon (3/15)

Altars:
Cheibriados
Gozag
Nemelex Xobeh
Qazlal
Sif Muna

Annotations:
D:3 Quirk's ghost, amateur MiFi


Innate Abilities, Weirdness & Mutations

You are resistant to torment.
Your stone body is resilient. (AC +3)
You are immune to poison.
You resist negative energy. (rN+)
You are resistant to electric shocks. (rElec)
You can survive without breathing.
You are immune to petrification.
You are immune to rotting.


Message History

As you read the scroll labeled XEREUNWUGIUQ, it crumbles to dust.
It is a scroll of identify.
t - an uncursed ring of stealth The bat hits you.
Put on which piece of jewellery? (? for menu, Esc to quit)
t - a ring of stealth (right hand)
The bat misses you.
Put on which piece of jewellery? (? for menu, Esc to quit)
You're already wearing that object!
You barely miss the bat.
Your attack snaps the bat out of its fear.
The bat hits you but does no damage. x2
You closely miss the bat. The bat hits you but does no damage.
The bat barely misses you. The bat hits you.
You barely miss the bat. The bat misses you.
You hit the bat.
The bat explodes!
The fiery explosion engulfs you! The fire burns you terribly!
Ouch! That really hurt!
You die...

##...8...## #.........#
#.⌠._)_.⌠.#*************
#.(.......#,,,,,,,,,,,,,
##...8...##*****,,,,,***
##...†.## *,,,,,*
####'#########*,,,,,***
#>.......?....,,,,,,',,
###...@§#####**,,,,,*,,
##### #.###§§# *******,,
#...# #.#**#'#**** *,,
#...# #.#≈≈≈≈≈≈≈≈* *,,
#...# #.#≈,,,...≈*
******,, #...#
#.#≈,,,.%.≈# *,,,,,,,
#...###.#≈,,,,..≈#
*,,,,,,,
#.......#≈,,,,..≈#
*,,,,,,,
###.###.#≈,,,,,,≈*
*,,,,,,,


There were no monsters in sight!

Vanquished Creatures
  4 gnolls (D:2)
  An ooze (D:1)
  A worm (D:3)
  A dart slug (D:3)
  A leopard gecko (D:1)
  A ball python (D:1)
  5 bats
  2 giant cockroaches
  6 goblins
  2 hobgoblins (D:1)
  3 jackals (D:1)
  2 quokkas (D:2)
  2 frilled lizards (D:2)
  5 kobolds
  3 rats
39 creatures vanquished.

Vanquished Creatures (others)
  A quokka (D:2)
1 creature vanquished.

Grand Total: 40 creatures vanquished

Notes
Turn   | Place    | Note
-------+----------+-------------------------------------------
     0 | D:1      | esteth the Gargoyle Earth Elementalist began the quest for the Orb.
     0 | D:1      | Reached XP level 1. HP: 10/10 MP: 3/3
   277 | D:1      | Reached skill level 4 in Earth Magic
   277 | D:1      | Reached XP level 2. HP: 15/15 MP: 3/5
   635 | D:1      | Reached XP level 3. HP: 19/19 MP: 6/6
   640 | D:1      | Learned a level 3 spell: Stone Arrow
   985 | D:2      | Found a snail-covered altar of Cheibriados.
  1377 | D:2      | Reached XP level 4. HP: 16/24 MP: 8/8
  1561 | D:2      | Reached skill level 5 in Earth Magic
  1580 | D:2      | Found a stormy altar of Qazlal.
  1769 | D:3      | Found a deep blue altar of Sif Muna.
  1859 | D:3      | Noticed Quirk's ghost (amateur MiFi)
  2082 | D:3      | Found a sparkling altar of Nemelex Xobeh.
  2085 | D:3      | Found an opulent altar of Gozag.
  2173 | D:3      | Killed from afar by a bat

Skill      XL: |  1  2  3  4 |
---------------+-------------+-----
Earth Magic    | 4 5 |  5.0
Spellcasting   | 3 |  3.3
Dodging        | |  1.5
Stealth        | |  2.1
Transmutations | |  0.7

Action                   |  1- 3 |  4- 6 || total
-------------------------+-------+-------++-------
Melee: Short sword       |    55 |    40 ||    95
 Cast: Sandblast         |    11 |    10 ||    21
       Stone Arrow       |       |     2 ||     2
  Use: Scroll            |       |     8 ||     8
 Stab: Sleeping          |     1 |     2 ||     3
  Eat: Bread ration      |       |     1 ||     1
Armor: Robe              |    19 |    13 ||    32
Dodge: Dodged            |    32 |    24 ||    56
